 Dungeon Sprint DCSS version 0.30.1-9-gdf580d7c3d (webtiles) character file.

Game seed: 6566452967309111547

96 Heoruswealwe the Poker (level 4, -3/45 HPs)
             Began as a Minotaur Fighter on Oct 14, 2023.
             Slain by an ogre
             ... wielding a +0 giant club
              (34 damage)
             ... in the Dungeon (Sprint IX: "|||||||||||||||||||||||||||||").
             The game lasted 00:00:40 (30 turns).

Heoruswealwe the Poker (Minotaur Fighter)             Turns: 30, Time: 00:00:41

Health: -3/45      AC:  7    Str: 22    XL:     4   Next: 41%
Magic:  3/3        EV:  9    Int:  5    God:
Gold:   0          SH:  4    Dex: 10    Spells: 3/3 levels left

rFire   . . .        a - +0 trident
rCold   . . .        d - +0 buckler
rNeg    . . .        c - +0 scale mail
rPois   .            (helmet restricted)
rElec   .            (no cloak)
rCorr   .            (no gloves)
SInv    .            (no boots)
Will    .....        (no amulet) Stlth
                     (no ring)
HPRegen 0.27/turn    (no ring)
MPRegen 0.08/turn

%: no teleportation
@: no status effects
A: horns 2, retaliatory headbutt
a: no special abilities


You were in the Dungeon.
You visited 1 branch

Inventory:

Hand Weapons
 a - a +0 trident (weapon)
Armour
 c - a +0 scale mail (worn)
 d - a +0 buckler (worn)
Scrolls
 j - a scroll of blinking
Potions
 b - a potion of might
 e - a potion of curing
 f - a potion of heal wounds
 g - a potion of haste
 i - a potion of berserk rage


   Skills:
 + Level 6.3 Fighting
 * Level 7.8 Polearms
 + Level 6.3 Armour
 - Level 3.6 Shields


You had 3 spell levels left.
You didn't know any spells.
Your spell library was empty.

Dungeon Overview and Level Annotations

Branches:
Dungeon (1/1)

Altars:


Innate Abilities, Weirdness & Mutations

You have a pair of horns on your head.
You reflexively headbutt those who attack you in melee.


Message History

The black bear claws you but does no damage.
The black bear claws you. The black bear bites you.
The black bear barely misses you.
The black bear claws you but does no damage.
You hit the black bear. Your headbutt misses the black bear.
The black bear is almost dead.
The black bear goes berserk!
You barely miss the black bear.
The black bear is severely wounded.
The black bear closely misses you. You furiously retaliate!
You headbutt the black bear!
You kill the black bear!
The white imp shouts, "Embrace thy failure, thou fawning doghearted nothing!"
Your Fighting skill gained 2 levels and is now at level 6!
Your Polearms skill gained 4 levels and is now at level 7!
Your Armour skill gained 2 levels and is now at level 6!
You have reached level 2!
You have reached level 3!
Your experience leads to an increase in your attributes!
Increase (S)trength, (I)ntelligence, or (D)exterity?
You feel stronger. x2
You have reached level 4!
You feel agile.
You barely miss the ogre. You block the ogre's attack.
You hit the ogre.
The ogre is lightly wounded.
The white imp laughs crazily.
You closely miss the ogre. Your headbutt misses the ogre.
The ogre is lightly wounded.
The ogre closely misses you.
You hit the ogre but do no damage. You headbutt the ogre.
The ogre is moderately wounded.
You block the ogre's attack.
You puncture the ogre!
The ogre is heavily wounded.
You closely miss the ogre. You headbutt the ogre.
The ogre is severely wounded.
The ogre hits you with a +0 giant club!!
Ouch! That really hurt!
You die... ▓▓▓▓▓▓▓▓▓▓▓▓▓▓▓▓▓▓ +..55lO@....).!.<▓ ▓▓▓▓▓▓▓▓▓▓▓▓▓▓▓▓▓▓

You could see an ogre, an iguana and 2 white imps.

Vanquished Creatures
  A black bear (D)
  A goblin (D)
  A hobgoblin (D)
  2 kobolds (D)
  A rat (D)
6 creatures vanquished.

Notes
Turn   | Place    | Note
-------+----------+-------------------------------------------
     0 | D        | Heoruswealwe the Minotaur Fighter began the quest for the
                  | Orb.
     0 | D        | Reached XP level 1. HP: 19/19 MP: 0/0
     9 | D        | Reached skill level 3 in Polearms
    20 | D        | Noticed an iguana
    20 | D        | Noticed an ogre
    20 | D        | Noticed a black bear
    24 | D        | Killed a black bear
    25 | D        | Reached skill level 7 in Polearms
    25 | D        | Reached XP level 2. HP: 20/31 MP: 1/1
    25 | D        | Reached XP level 3. HP: 25/38 MP: 2/2
    25 | D        | Reached XP level 4. HP: 30/45 MP: 3/3
    30 | D        | Slain by an ogre

Illustrated notes

Levels and vault maps discovered:
D:        linesprint [early_d, line_temple, items_1, d_10, items_2, lair_1,
          lair_end, items_3, orc_1, orc_end, items_4, d_15, swamp_1, shoals_1,
          snake_1, spider_1, d_20, vaults_1, items_5, swamp_end, shoals_end,
          snake_end, spider_end, vaults_end, d_27, items_6, zot_1, zot_end,
          crypt_end, forest_end, elf_end, slime_end, tomb_end, abyss_end,
          pan_hell_end]

Skill      XL: |  1 |
---------------+----+-----
Polearms       | 7 |  7.8
Fighting       | 6 |  6.3
Armour         | 6 |  6.3
Shields        | |  3.6

Action                     |  1- 3 |  4- 6 || total
---------------------------+-------+-------++-------
  Melee: Trident           |    13 |     6 ||    19
         Headbutt          |     1 |     2 ||     3
 Armour: Scale mail        |     4 |       ||     4
  Dodge: Dodged            |     7 |     1 ||     8
  Block: Buckler           |     1 |     2 ||     3
